 Seeded DCSS version 0.29-a0-221-gceb61267dd (webtiles) character file.

Game seed: 20220227 (custom seed)

70 a11behringer the Chopper (level 4, 0/41 HPs)
             Began as a Minotaur Berserker on Feb 27, 2022.
             Was a Follower of Trog.
             Slain by a black bear (4 damage)
             ... on level 3 of the Dungeon.
             The game lasted 00:04:52 (1691 turns).

a11behringer the Chopper (Minotaur Berserker)       Turns: 1691, Time: 00:04:53

Health: 0/41       AC:  7    Str: 23    XL:     4   Next: 4%
Magic:  3/3        EV: 14    Int:  4    God:    Trog [*.....]
Gold:   93         SH:  0    Dex: 10    Spells: 3/3 levels left

rFire   . . .      SeeInvis .   a - +0 hand axe
rCold   . . .      Faith    .   (no shield)
rNeg    . . .      Spirit   .   l - +0 scale mail
rPois   .          Reflect  .   (helmet restricted)
rElec   .          Harm     .   y - +0 cloak
rCorr   .          Rampage  .   (no gloves)
Will    .....                   (no boots)
Stlth   ..........              i - amulet of magic regeneration
HPRegen 0.13/turn               v - +4 ring of evasion
MPRegen 0.48/turn               (no ring)

@: mighty, on berserk cooldown, slowed, very slow
A: horns 2, retaliatory headbutt
a: Renounce Religion, Berserk


You were on level 3 of the Dungeon.
You worshipped Trog.
Trog was aware of your devotion.
You visited 1 branch of the dungeon, and saw 3 of its levels.

You collected 93 gold pieces.

Inventory:

Hand Weapons
 a - a +0 hand axe (weapon)
 e - a +0 hunting sling
Missiles
 g - 4 silver javelins (quivered)
 h - 13 poisoned darts
 A - 3 javelins
Armour
 b - a +0 animal skin
 l - a +0 scale mail (worn)
 y - a +0 cloak (worn)
Jewellery
 i - an amulet of magic regeneration (around neck)
 v - a +4 ring of evasion (left hand)
Scrolls
 c - a scroll of noise {unknown}
 d - 4 scrolls of identify {unknown}
 f - a scroll of magic mapping {unknown}
 m - a scroll of immolation {unknown}
 n - a scroll of enchant armour {unknown}
 o - a scroll of brand weapon {unknown}
 p - a scroll of holy word {unknown}
 q - a scroll of teleportation {unknown}
 u - a scroll of enchant weapon {unknown}
Potions
 j - a potion of invisibility {unknown}
 k - 2 potions of degeneration {unknown}
 r - a potion of might
 s - a potion of flight {unknown}
 t - a potion of resistance {unknown}
 w - a potion of curing {unknown}
 x - a potion of brilliance {unknown}
 z - a potion of haste {unknown}


   Skills:
 + Level 4.3 Fighting
 * Level 5.1 Axes
 + Level 2.7 Armour
 + Level 2.3 Dodging


You had 3 spell levels left.
You didn't know any spells.
Your spell library was empty.

Dungeon Overview and Level Annotations

Branches:
Dungeon (3/15)

Altars:

Annotations:
D:3 Robin


Innate Abilities, Weirdness & Mutations

You have a pair of horns on your head.
You reflexively headbutt those who attack you in melee.


Message History

You hit the black bear but do no damage.
Your headbutt misses the black bear.
The black bear is lightly wounded.
You hit the goblin.
You kill the goblin!
Trog accepts your kill. The black bear bites you.
The black bear barely misses you. The black bear misses you.
The black bear bites you.
* * * LOW HITPOINT WARNING * * *
The black bear claws you but does no damage.
The black bear closely misses you.
You barely miss the black bear.
The black bear is lightly wounded.
You hit the goblin.
You kill the goblin!
Trog accepts your kill. The black bear bites you.
* * * LOW HITPOINT WARNING * * *
The black bear barely misses you.
The black bear claws you but does no damage.
It was a potion of might.
You feel very mighty all of a sudden.
Robin's horned helmet rattles.
Robin roars a battlecry!
The hobgoblin goes into a battle-frenzy!
The black bear bites you but does no damage.
The black bear barely misses you. The black bear misses you.
Robin says, "A pitiful Minotaur like you will never find the ORB!"
The black bear barely misses you. You furiously retaliate!
You headbutt the black bear! The black bear claws you.
* * * LOW HITPOINT WARNING * * *
The black bear claws you.
* * * LOW HITPOINT WARNING * * *
You closely miss the black bear.
The black bear is heavily wounded.
The hobgoblin no longer looks unusually strong.
Robin roars a battlecry!
The hobgoblin goes into a battle-frenzy!
The black bear bites you.
You die...

## #.. ##.######
#.......# #.......#
##### #.......#
#...#########g......#
#.......†))@hgg.....#
#...#########w......#
#...# #.......# #...#
#.......# #...#
#.......# ##.##
#......w....
+..################.....
#...........# .g...
#.#########.# .g..


You could see a black bear, Robin, a dart slug and 2 hobgoblins.

Vanquished Creatures
  2 adders
  A worm (D:2)
  A dart slug (D:1)
  3 bats (D:1)
  An endoplasm (D:2)
  3 giant cockroaches
  11 goblins
  6 hobgoblins
  2 jackals (D:1)
  2 quokkas
  2 ball pythons
  4 kobolds (D:1)
  6 rats
44 creatures vanquished.

Vanquished Creatures (others)
  2 hobgoblins (D:3)
2 creatures vanquished.

Grand Total: 46 creatures vanquished

Notes
Turn   | Place    | Note
-------+----------+-------------------------------------------
     0 | D:1      | a11behringer the Minotaur Berserker began the quest for the
                  | Orb.
     0 | D:1      | Reached XP level 1. HP: 19/19 MP: 0/0
    84 | D:1      | Reached skill level 4 in Axes
   135 | D:1      | Reached XP level 2. HP: 25/27 MP: 1/1
   714 | D:2      | Reached XP level 3. HP: 22/33 MP: 2/2
  1641 | D:3      | Reached skill level 5 in Axes
  1661 | D:3      | Noticed a black bear
  1661 | D:3      | Noticed Robin
  1686 | D:3      | Reached XP level 4. HP: 25/41 MP: 3/3
  1691 | D:3      | Slain by a black bear

Illustrated notes

Levels and vault maps discovered:
D:1:      saegor_arrival_simple_b, layout_rooms
D:2:      layout_basic, minmay_goblin_kobold_house
D:3:      layout_basic, uniq_robin

Skill      XL: |  1  2  3 |
---------------+----------+-----
Axes           | 4 5 |  5.1
Fighting       | 4 |  4.3
Armour         | |  2.7
Dodging        | |  2.3

Action                   |  1- 3 |  4- 6 || total
-------------------------+-------+-------++-------
Melee: Hand axe          |    79 |     5 ||    84
       Headbutt          |     6 |       ||     6
Invok: Berserk           |     2 |       ||     2
  Use: Potion            |       |     1 ||     1
 Stab: Sleeping          |     1 |       ||     1
Armor: Animal skin       |    13 |       ||    13
       Scale mail        |     7 |     5 ||    12
Dodge: Dodged            |    62 |    15 ||    77

Table legend: (Time is in decaauts)
 A = Elapsed time spent in this place.
 B = Non-inter-level travel time spent in this place.
 C = Inter-level travel time spent in this place.
 D = Time resting spent in this place.
 E = Time spent auto-exploring this place.
 F = Levels seen in this place.
 G = Mean time per level.
                   A        B        C        D        E       F      G
               +--------+--------+--------+--------+--------+-----+--------+
         Total |   1709 |   1582 |    127 |      0 |   1320 |   3 |  569.7 |
       Dungeon |   1709 |   1582 |    127 |      0 |   1320 |   3 |  569.7 |
               +--------+--------+--------+--------+--------+-----+--------+

Top non-repeatable levels by time:
     D:2: 920 daAuts
     D:1: 640 daAuts
     D:3: 148 daAuts
